Map: Disco Bloodbath LE

Players

Reynor

  • Race: Zerg Zerg
  • Spawn Location: 3:00

Dark - Winner!

  • Race: Zerg Zerg
  • Spawn Location: 9:00

Event: 2019 WCS Global FInals

VOD

Have the link to the VOD?

Description

Time

  • Played on: Nov. 2, 2019, 12:38 a.m.
  • Length: 17:49

All games in this series

Show
View Real Time Build Order
Export as new Build Order

Reynor Zerg 

Build Orders: Hatch First 

Get SALT Encoding   

  12  0:00  Drone  
  13  0:12  Overlord  
  13  0:16  Drone  
  14  0:30  Drone x2  
  16  0:47  Hatchery  
  15  0:50  Drone  
  15  0:54  Drone  
  17  0:57  Drone  
  18  1:08  Extractor  
  17  1:13  Spawning Pool  
  17  1:15  Drone  
  17  1:19  Drone  
  18  1:27  Drone  
  19  1:38  Drone  
  20  1:48  Drone  
  21  1:59  Overlord, Queen  
  21  2:00  Zergling x2, Queen  
  26  2:09  Drone  
  26  2:10  Drone  
  26  2:11  Metabolic Boost  
  28  2:21  Drone x2  
  30  2:32  Hatchery  
  30  2:34  Drone  
  30  2:37  Drone  
  30  2:42  Drone  
  30  2:43  Overlord  
  32  2:49  Baneling Nest  
  31  2:53  Drone x2  
  33  3:04  Drone x2  
  35  3:10  Zergling x12  
  41  3:18  Overlord  
  41  3:19  Drone  
  42  3:22  Queen  
  44  3:35  Baneling x2  
  44  3:37  Overlord  
  44  3:38  Drone x4  
  48  3:42  Drone x3  
  48  3:47  Evolution Chamber  
  48  3:48  Drone x2  
  52  3:50  Drone  
  52  3:53  Drone  
  54  4:01  Drone x2  
  54  4:03  Baneling  
  54  4:05  Drone x2  
  54  4:06  Drone  
  57  4:12  Zergling x2  
  57  4:13  Zergling x2  
  57  4:15  Drone  
  60  4:17  Baneling x2  
  60  4:19  Queen  
  60  4:20  Roach Warren  
  60  4:23  Zergling x6  
  64  4:28  Overlord  
  64  4:29  Drone x2  
  63  4:39  Baneling x2  
  63  4:41  Drone x2  
  63  4:43  Overlord  
  66  4:45  Drone x2  
  66  4:46  Drone x3  
  66  4:49  Drone  
  66  4:50  Lair  
  66  4:51  Overlord  
  69  4:54  Drone x2, Extractor  
  69  4:55  Drone, Extractor  
  69  4:57  Drone  
  71  5:01  Drone, Extractor  
  71  5:03  Drone, Extractor  
  71  5:06  Drone  
  72  5:13  Drone x2  
  74  5:16  Overlord  
  74  5:19  Drone x3  
  74  5:20  Zerg Missile Weapons Level 1  
  76  5:22  Overlord  
  76  5:30  Drone x5  
  76  5:33  Pneumatized Carapace  
  76  5:34  Extractor  
  76  5:35  Drone x3  
  83  5:38  Hatchery  
  83  5:40  Overlord  
  83  5:41  Drone x2  
  84  5:47  Overseer  
  84  5:49  Roach x2  
  88  5:56  Roach  
  90  5:57  Roach x2  
  90  5:58  Roach  
  90  5:59  Spore Crawler, Glial Reconstitution  
  90  6:02  Roach x4  
  102  6:14  Queen  
  102  6:15  Overlord  
  102  6:17  Roach x5  
  114  6:21  Overlord  
  112  6:26  Queen  
  112  6:27  Spire  
  112  6:31  Overlord  
  113  6:33  Drone  
  113  6:34  Spore Crawler  
  113  6:35  Queen  
  113  6:39  Roach  
  121  6:40  Roach x3  
  121  6:44  Roach x2  
  121  6:46  Drone  
  128  6:50  Queen  
  128  6:52  Drone  
  128  6:53  Spore Crawler  
  130  6:55  Drone  
  130  6:56  Roach  
  130  6:59  Spore Crawler  
  130  7:00  Queen  
  134  7:01  Drone  
  134  7:02  Spore Crawler  
  134  7:06  Overlord  
  134  7:20  Overlord  
  134  7:23  Drone x2  
  134  7:24  Overlord  
  134  7:26  Drone x4, Extractor  
  134  7:27  Extractor  
  137  7:31  Overlord  
  134  7:37  Drone  
  134  7:38  Drone x3, Zerg Missile Weapons Level 2  
  134  7:40  Infestation Pit  
  134  7:42  Zerg Flyer Armor Level 1  
  134  7:44  Drone x2  
  137  7:45  Drone x2  
  137  7:46  Spore Crawler, Drone  
  137  7:47  Drone x4  
  137  7:48  Spore Crawler x2, Drone  
  142  7:52  Spore Crawler  
  142  7:55  Overlord, Overseer  
  141  8:08  Corruptor x5  
  141  8:11  Overlord  
  151  8:18  Hive  
  151  8:21  Roach x3  
  151  8:22  Corruptor  
  159  8:28  Corruptor  
  159  8:29  Spore Crawler  
  159  8:32  Corruptor x2  
  163  8:38  Overseer  
  163  8:39  Extractor  
  163  8:40  Corruptor x2  
  166  8:50  Drone x3  
  166  8:52  Corruptor x3  
  156  9:04  Corruptor  
  156  9:05  Corruptor x3  
  156  9:08  Roach  
  164  9:13  Drone x3  
  164  9:14  Roach x2  
  165  9:24  Roach x6  
  165  9:30  Drone x7  
  158  9:33  Corruptor  
  158  9:37  Viper  
  161  9:39  Spore Crawler  
  161  9:41  Viper  
  161  9:45  Spore Crawler, Drone x3  
  166  9:49  Corruptor  
  167  9:59  Roach x4  
  175  10:02  Spore Crawler  
  175  10:05  Drone x6  
  157  10:07  Drone x2  
  157  10:14  Viper  
  162  10:23  Viper  
  162  10:26  Overlord  
  162  10:27  Spore Crawler  
  161  10:30  Drone x5  
  161  10:31  Drone  
  152  10:44  Roach x4  
  154  10:52  Roach x4  
  148  11:02  Hatchery  
  147  11:06  Roach x3  
  147  11:10  Roach  
  155  11:18  Overlord  
  155  11:19  Overlord  
  155  11:36  Overlord  
  155  11:38  Roach x2  
  159  11:40  Roach x2  
  161  11:49  Corruptor  
  163  12:01  Roach  
  165  12:04  Hatchery  
  165  12:08  Roach x3  
  169  12:20  Roach x2  
  169  12:22  Roach x2  
  170  12:31  Zerg Missile Weapons Level 3  
  170  12:32  Hydralisk Den  
  170  12:36  Roach  
  171  12:40  Roach  
  173  12:44  Drone x2  
  173  12:48  Overlord  
  175  12:52  Ravager x2  
  177  13:02  Hatchery  
  176  13:06  Overseer  
  176  13:09  Ravager  
  176  13:10  Overlord  
  177  13:21  Drone x9  
  177  13:22  Drone  
  173  13:35  Roach x3  
  173  13:40  Overlord  
  175  13:45  Overlord  
  175  13:48  Drone x2  
  175  13:53  Hydralisk Den  
  174  13:59  Ravager x3  
  177  14:03  Drone x3  
  177  14:04  Spore Crawler, Drone  
  177  14:06  Roach  
  177  14:08  Roach  
  184  14:12  Ravager x2  
  184  14:15  Drone x2  
  184  14:16  Drone x2  
  190  14:17  Drone  
  190  14:21  Roach x2  
  195  14:28  Roach x2  
  199  14:44  Roach x7  
  193  14:49  Overlord  
  161  15:09  Drone x6  
  168  15:21  Drone x3  
  168  15:24  Overseer  
  164  15:33  Overseer  
  162  15:41  Drone x8  
  165  15:45  Spawning Pool  
  163  15:52  Roach x3  
  167  16:00  Roach x2  
  171  16:05  Roach  
  171  16:10  Roach x2  
  166  16:15  Roach  
  160  16:25  Roach  
  160  16:26  Roach x2  
  164  16:33  Queen  
  164  16:34  Roach  
  168  16:40  Roach  
  168  16:47  Spore Crawler  
  160  16:51  Roach x2  
  162  16:55  Roach  
  125  17:08  Roach  
  125  17:09  Roach x2  
  123  17:17  Roach x2  
  123  17:29  Roach  
  125  17:32  Ravager  
  125  17:33  Ravager x2  
Show
View Real Time Build Order
Export as new Build Order

Dark Zerg - Winner!

Build Orders: Hatch First, Lurkers, Muta Ling Bane 

Get SALT Encoding   

  12  0:00  Drone  
  13  0:12  Overlord  
  13  0:16  Drone  
  14  0:31  Drone x2  
  16  0:48  Hatchery  
  15  0:50  Drone  
  15  0:54  Drone  
  17  1:00  Drone  
  18  1:08  Extractor  
  17  1:13  Spawning Pool  
  17  1:15  Drone  
  18  1:18  Drone  
  18  1:28  Drone  
  19  1:39  Drone  
  20  1:50  Drone  
  21  2:00  Queen x2  
  21  2:01  Drone  
  26  2:02  Overlord  
  26  2:10  Drone  
  26  2:11  Metabolic Boost  
  26  2:12  Drone  
  28  2:21  Zergling x2  
  28  2:22  Drone  
  30  2:34  Drone, Hatchery  
  30  2:41  Queen  
  32  2:45  Drone  
  32  2:46  Drone  
  32  2:51  Overlord  
  34  2:58  Baneling Nest, Zergling x2  
  34  3:05  Drone  
  35  3:09  Drone x3  
  35  3:11  Drone  
  39  3:14  Drone  
  39  3:15  Drone  
  39  3:17  Drone  
  42  3:28  Overlord  
  42  3:30  Drone x2  
  44  3:36  Extractor  
  42  3:42  Evolution Chamber, Baneling x2  
  42  3:43  Baneling  
  42  3:47  Zergling x14  
  48  3:52  Queen  
  50  4:05  Drone x3  
  50  4:06  Drone x2  
  50  4:07  Drone  
  50  4:09  Drone  
  57  4:11  Zerg Melee Weapons Level 1  
  57  4:17  Overlord  
  57  4:19  Lair  
  57  4:20  Baneling  
  57  4:22  Overlord  
  57  4:26  Overlord  
  57  4:28  Overlord  
  55  4:40  Drone x4  
  55  4:41  Drone x2  
  58  4:46  Zergling x12  
  58  4:50  Extractor  
  58  4:51  Extractor  
  58  4:52  Zergling x2  
  61  5:00  Drone x3  
  61  5:05  Roach Warren  
  63  5:09  Drone x2  
  63  5:11  Drone  
  63  5:12  Baneling  
  66  5:19  Spire  
  65  5:21  Drone x3  
  65  5:24  Baneling  
  65  5:25  Drone x4  
  65  5:26  Extractor  
  65  5:27  Drone x3, Extractor  
  73  5:33  Drone x2  
  74  5:38  Drone x2  
  74  5:39  Drone  
  74  5:42  Baneling x2  
  77  5:43  Baneling x3  
  77  5:45  Drone  
  77  5:47  Overlord  
  77  5:48  Overlord x2  
  78  6:05  Overlord  
  77  6:12  Hatchery  
  75  6:30  Mutalisk x7  
  75  6:31  Mutalisk x2  
  93  6:34  Drone x6  
  93  6:36  Drone  
  100  6:41  Overlord x2  
  100  6:42  Overlord  
  100  6:45  Mutalisk  
  100  6:46  Mutalisk  
  104  6:51  Zerg Melee Weapons Level 2  
  104  6:53  Drone  
  105  6:57  Zerg Flyer Weapons Level 1  
  105  6:58  Overlord  
  105  6:59  Overlord  
  105  7:01  Drone x2  
  105  7:02  Drone, Extractor  
  105  7:03  Extractor  
  105  7:05  Overseer  
  105  7:06  Pneumatized Carapace  
  106  7:08  Overlord  
  106  7:10  Drone x3  
  106  7:14  Overlord  
  109  7:24  Mutalisk x3  
  109  7:27  Zergling x2  
  109  7:28  Zergling x16  
  123  7:33  Mutalisk  
  124  7:39  Mutalisk x2  
  128  7:44  Overlord  
  128  7:47  Hatchery  
  128  7:49  Centrifical Hooks, Hatchery  
  127  7:51  Mutalisk  
  129  7:58  Mutalisk  
  129  8:00  Mutalisk  
  129  8:04  Zergling x18  
  142  8:09  Mutalisk x2, Drone  
  147  8:19  Mutalisk x2  
  147  8:21  Zergling x8  
  147  8:22  Zergling x8  
  159  8:39  Baneling x18  
  159  8:45  Hatchery  
  159  8:47  Drone x6  
  164  8:51  Zerg Flyer Weapons Level 2  
  156  9:04  Zergling x22  
  156  9:09  Mutalisk x2  
  170  9:10  Zergling x2  
  149  9:25  Mutalisk  
  149  9:26  Mutalisk x5  
  149  9:30  Zergling x14  
  155  9:37  Drone x2, Extractor  
  156  9:38  Extractor  
  156  9:39  Baneling x6  
  156  9:41  Baneling x8  
  156  9:44  Zergling x6  
  156  9:45  Zergling x4  
  160  9:55  Drone x2  
  160  9:56  Zerg Missile Weapons Level 1, Glial Reconstitution  
  160  9:57  Hydralisk Den  
  160  10:06  Baneling x10  
  154  10:07  Baneling  
  154  10:09  Zergling x20  
  154  10:13  Evolution Chamber  
  162  10:15  Zergling x2  
  161  10:27  Hydralisk x2, Grooved Spines  
  161  10:28  Hydralisk  
  167  10:32  Baneling x8  
  162  10:35  Zergling x2  
  162  10:36  Zergling x16  
  162  10:39  Hydralisk x2  
  175  10:44  Infestation Pit  
  171  10:53  Hydralisk x4  
  167  10:57  Zergling x16  
  167  11:01  Zerg Ground Armor Level 1  
  167  11:02  Roach x2  
  167  11:03  Baneling x4  
  179  11:06  Overlord  
  179  11:09  Overlord  
  177  11:14  Spore Crawler, Overlord  
  176  11:21  Overlord x3  
  173  11:30  Hive, Drone x3  
  173  11:31  Hydralisk x2  
  173  11:32  Lurker Den  
  179  11:35  Hydralisk  
  179  11:37  Hydralisk x2  
  179  11:39  Muscular Augments  
  184  11:51  Hydralisk x3  
  184  11:52  Hydralisk x2  
  184  11:54  Baneling x11  
  192  11:59  Roach x3  
  192  12:00  Roach  
  199  12:04  Roach  
  200  12:11  Hydralisk  
  200  12:12  Hydralisk  
  196  12:17  Roach x2  
  194  12:27  Zerg Missile Weapons Level 2  
  194  12:29  Roach x2  
  198  12:33  Roach  
  198  12:46  Nydus Network  
  198  12:47  Drone x2  
  199  12:53  Baneling x6  
  199  13:02  Adaptive Talons  
  199  13:03  Zerg Ground Armor Level 2  
  199  13:05  Lurker  
  198  13:07  Drone  
  198  13:08  Spore Crawler, Drone x3  
  198  13:09  Spore Crawler x2, Lurker x3  
  185  13:36  Hydralisk x7  
  199  13:44  Drone x2  
  199  13:46  Spore Crawler  
  199  13:47  Spore Crawler  
  185  13:48  Lurker  
  185  13:49  Lurker x8  
  194  13:56  Drone x4  
  194  13:59  Roach  
  194  14:00  Hatchery  
  199  14:07  Nydus Canal  
  199  14:21  Nydus Canal  
  198  14:43  Roach x2  
  199  14:47  Lurker  
  199  14:48  Spine Crawler  
  199  14:49  Spine Crawler  
  199  14:51  Zerg Missile Weapons Level 3  
  198  14:58  Hydralisk x2  
  199  15:05  Hydralisk x2  
  199  15:06  Hydralisk  
  200  15:21  Hydralisk x5  
  194  15:35  Hydralisk x6  
  188  15:42  Spore Crawler x3  
  198  15:43  Spore Crawler  
  198  15:47  Hatchery  
  192  15:51  Viper x2  
  192  15:54  Evolution Chamber  
  192  15:55  Evolution Chamber  
  192  15:56  Evolution Chamber  
  195  15:58  Hydralisk x2  
  195  16:01  Roach x2  
  195  16:02  Nydus Canal  
  199  16:09  Hydralisk x3  
  186  16:12  Hydralisk x3, Roach x3  
  186  16:13  Hydralisk x2  
  200  16:21  Overlord  
  187  16:26  Overlord  
  187  16:28  Hydralisk  
  187  16:29  Lurker x9  
  187  16:30  Hydralisk x2, Lurker x2  
  187  16:33  Hatchery, Roach x5  
  187  16:34  Roach x2  
  200  16:40  Hatchery  
  200  16:48  Nydus Canal  
  200  16:58  Hatchery  
  200  17:06  Hydralisk  
  200  17:07  Hydralisk x5  
  200  17:12  Hydralisk  
  200  17:13  Nydus Canal  
  200  17:14  Roach  
  200  17:16  Roach  
  199  17:28  Nydus Canal  
  199  17:29  Hatchery  
  198  17:31  Hatchery  
Tags
 
Add a new tag
Caveats
  • Supply blocks, unpowered buildings, or Contaminate may cause inaccurate times.
  • Supply counts are checked every 10 seconds.